 Dungeon Crawl Stone Soup version 0.22-a0-322-g60b3cfd (webtiles) character file.

66 Kairos the Covered (level 4, 0/35 HPs)
             Began as a Human Fighter on Apr 3, 2018.
             Slain by Sigmund
             ... wielding a +0 scythe
              (8 damage)
             ... on level 2 of the Dungeon.
             The game lasted 00:02:25 (951 turns).

Kairos the Covered (Human Fighter)                   Turns: 951, Time: 00:02:26

Health: 0/35       AC:  6    Str: 18    XL:     4   Next: 37%
Magic:  4/4        EV:  7    Int:  8    God:
Gold:   66         SH:  9    Dex: 14    Spells: 3/3 levels left

rFire    . . .     SeeInvis +   a - +0 war axe
rCold    . . .     Gourm    .   c - +0 shield
rNeg     . . .     Faith    .   b - +0 scale mail
rPois    .         Spirit   .   (no helmet)
rElec    .         Reflect  .   (no cloak)
rCorr    .         Harm     .   (no gloves)
MR       .....                  (no boots)
Stlth    ..........             (no amulet)
HPRegen  0.11/turn              l - ring of see invisible
MPRegen  0.09/turn              n - +2 ring of strength

@: no status effects
A: no striking features
a: no special abilities


You were on level 2 of the Dungeon.
You were not hungry.

You visited 1 branch of the dungeon, and saw 2 of its levels.

You collected 66 gold pieces.

Inventory:

Hand Weapons
 a - a +0 war axe (weapon)
Armour
 b - a +0 scale mail (worn)
 c - a +0 shield (worn)
Jewellery
 l - a ring of see invisible (left hand)
 n - a +2 ring of strength (right hand)
Scrolls
 h - 3 scrolls of identify {unknown}
 j - a scroll of random uselessness {unknown}
Potions
 d - a potion of might
 e - a potion of resistance {unknown}
 g - a potion of invisibility {unknown}
 i - a potion of curing {unknown}
 k - a potion of flight {unknown}
 m - a potion of magic {unknown}
Comestibles
 f - 3 rations


   Skills:
 + Level 3.4 Fighting
 + Level 2.9 Axes
 + Level 3.4 Armour
 + Level 0.5 Dodging
 + Level 3.4 Shields


You had 3 spell levels left.
You didn't know any spells.

Dungeon Overview and Level Annotations

Branches:
Dungeon (2/15)

Altars:

Annotations:
D:2 Sigmund


Message History

* * * LOW HITPOINT WARNING * * *
The goblin hits you but does no damage.
You closely miss the goblin.
The goblin is severely wounded.
You barely miss the bat. The bat hits you but does no damage.
The bat closely misses you. You block the goblin's attack.
You slash the goblin!
You kill the goblin!
Your scale mail prevents you from hitting the bat.
The bat hits you but does no damage. The bat hits you.
* * * LOW HITPOINT WARNING * * *
You block the bat's attack.
The jackal bites you but does no damage.
You block Sigmund's attack.
You slash the bat!
You kill the bat!
You hit the jackal.
The jackal bites you but does no damage. x2
Sigmund hits you from afar with a scythe!
You die...

### #..
... #..
... #.#
... #.#
... #.#
##. #K#
#g# ##
#######@#
)#
#....@h.#
.#.#
#.#######
.#.# ###.#
.#.# #.h.#
.#.# #@###
##.# #.#
##.# #.#
.#.#####@#


You could see Sigmund (invisible), a jackal, a hobgoblin and a kobold.

Vanquished Creatures
  An adder (D:2)
  2 dart slugs (D:1)
  A leopard gecko (D:2)
  2 ball pythons (D:1)
  7 bats
  2 giant cockroaches (D:1)
  7 goblins
  8 hobgoblins (D:1)
  4 jackals (D:2)
  4 frilled lizards
  4 kobolds (D:1)
  6 rats
48 creatures vanquished.

Notes
Turn   | Place    | Note
-------+----------+-------------------------------------------
     0 | D:1      | Kairos the Human Fighter began the quest for the Orb.
     0 | D:1      | Reached XP level 1. HP: 18/18 MP: 1/1
    45 | D:1      | Reached XP level 2. HP: 24/24 MP: 2/2
   165 | D:1      | Reached XP level 3. HP: 6/29 MP: 3/3
   872 | D:2      | Noticed Sigmund
   879 | D:2      | Reached XP level 4. HP: 31/35 MP: 4/4
   951 | D:2      | Slain by Sigmund

Vault maps used:
D:1:      minmay_arrival_solitary_statue, st_stairs_10, grunt_decor_clamped
D:2:      nicolae_overflow_crystal_walls, hangedman_decor_opposing, uniq_sigmund

Action                   |  1- 3 |  4- 6 || total
-------------------------+-------+-------++-------
Melee: War axe           |   100 |    19 ||   119
Armor: Scale mail        |    70 |    27 ||    97
Dodge: Dodged            |    33 |    14 ||    47
Block: Shield            |    66 |    30 ||    96

Table legend:
 A = Spawn XP
 B = Non-spawn XP
 C = Spawn XP percentage of total XP
 D = Spawn monster count
 E = Non-spawn monster count
 F = Spawn count percentage of total count
 G = Total turns spent on level
                    A         B        C        D         E        F      G
               +---------+---------+-------+---------+---------+-------+---------
         Total |       0 |      95 |   0.0 |       0 |      48 |   0.0 |   951
               +---------+---------+-------+---------+---------+-------+---------
           D:1 |       0 |      61 |   0.0 |       0 |      35 |   0.0 |   862
           D:2 |       0 |      34 |   0.0 |       0 |      13 |   0.0 |    89
               +---------+---------+-------+---------+---------+-------+---------
